 Dungeon Crawl Stone Soup version 0.28.0-53-g5a82cb258f (webtiles) character file.

Game seed: 4676309828428863049

557 styxcanada the Covert (level 7, -3/35 HPs)
             Began as a Spriggan Brigand on May 29, 2022.
             Killed from afar by Sigmund (5 damage)
             ... with a magic dart
             ... on level 5 of the Dungeon on May 30, 2022.
             The game lasted 00:24:03 (5159 turns).

styxcanada the Covert (Spriggan Brigand)            Turns: 5159, Time: 00:24:04

Health: -3/35      AC:  2    Str: 13    XL:     7   Next: 9%
Magic:  11/11      EV: 23    Int: 13    God:
Gold:   124        SH:  0    Dex: 18    Spells: 7/10 levels left

rFire   . . .      SeeInvis +   s - +1 spear (venom)
rCold   . . .      Faith    .   (no shield)
rNeg    . . .      Spirit   .   b - +0 robe
rPois   .          Reflect  .   (helmet restricted)
rElec   .          Harm     .   t - scarf {shadows}
rCorr   .          Rampage  .   (gloves unavailable)
Will    ++...                   (boots unavailable)
Stlth   ++++......              (no amulet)
HPRegen 0.11/turn               f - +4 ring of evasion
MPRegen 0.12/turn               q - ring of False Hope {Will+ Str+6}

@: very quick
A: very small, no large weapons, unfitting armour, see invisible, speed 3
a: no special abilities


You were on level 5 of the Dungeon.
You visited 1 branch of the dungeon, and saw 5 of its levels.

You collected 124 gold pieces.

Inventory:

Hand Weapons
 a - a +3 dagger
 m - a +0 hunting sling
 s - a +1 spear of venom (weapon)
Missiles
 d - 2 poisoned darts (quivered)
 l - 52 stones
 n - 12 boomerangs
Armour
 b - a +0 robe (worn)
 c - a +1 cloak
 t - a scarf of shadows (worn)
Jewellery
 f - a +4 ring of evasion (left hand)
 o - a ring of willpower
 q - the ring of False Hope (right hand) {Will+ Str+6}
   (You acquired it on level 3 of the Dungeon)

   [ring of strength]

   Str:       It affects your strength (+6).
   Will:      It increases your willpower.
Scrolls
 e - 2 scrolls of enchant armour
 p - a scroll of fear
Potions
 g - 2 potions of curing
 h - 2 potions of lignification {unknown}
 i - 2 potions of magic {unknown}
 j - a potion of might {unknown}
 k - 2 potions of attraction {unknown}
 r - a potion of resistance {unknown}
 u - a potion of brilliance {unknown}
 v - a potion of degeneration {unknown}


   Skills:
 * Level 2.4 Fighting
 + Level 3.2 Short Blades
 + Level 1.5(2.8) Slings
 + Level 3.0(3.2) Throwing
 * Level 4.2 Dodging
 * Level 8.6 Stealth
 * Level 2.4 Spellcasting
 * Level 1.4 Conjurations
 * Level 0.4 Summonings


You had 7 spell levels left.
You knew the following spells:

 Your Spells              Type           Power      Damage    Failure   Level
a - Magic Dart            Conj           20%        1d4       14%         1
b - Call Imp              Summ           2%         N/A       30%         2

Your spell library contained the following spells:

 Spells                   Type           Power      Damage    Failure   Level
 Stone Arrow              Conj/Erth      6%         3d7       50%         3
 Call Canine Familiar     Summ           2%         N/A       52%         3
 Mephitic Cloud           Conj/Pois/Air  2%         N/A       52%         3
 Portal Projectile        Hex/Tloc       2%         N/A       58%         3
 Animate Armour           Summ/Erth      4%         N/A       91%         4
 Leda's Liquefaction      Hex/Erth       0%         N/A       94%         4
 Blade Hands              Tmut           0%         N/A       100%        5
 Excruciating Wounds      Necr           0%         N/A       100%        5
 Lehudib's Crystal Spear  Conj/Erth      1%         10d2      100%        8


Dungeon Overview and Level Annotations

Branches:
Dungeon (5/15)
 Temple: D:4-7

Altars:

Shops:
D:1 [

Annotations:
D:5 Ijyb, Sigmund


Innate Abilities, Weirdness & Mutations

You are very small and have problems with some larger weapons.
You are too small for most types of armour.
You have supernaturally acute eyesight. (SInv)
You cover ground extremely quickly. (Speed+++)


Message History

The hound is moderately wounded.
The hound completely misses you.
A hound comes into view.
The hound misses you.
You closely miss the hound.
The hound barks!
The iguana hisses angrily.
Your punch misses the hound.
The hound is moderately wounded.
The hound misses you.
You hit the hound.
The hound looks as sick as possible!
The hound is heavily wounded.
The hound completely misses you. x2
You hit the hound.
You kill the hound!
You see here a poisoned dart.
d - 2 poisoned darts (gained 1)
The hound misses you. The hound completely misses you.
The iguana hisses menacingly.
There is a stone staircase leading up, spattered with blood here.
You closely miss the iguana. The hound barely misses you.
The hound bites you but does no damage. The iguana barely misses you.
You closely miss the iguana. The hound closely misses you.
The iguana bites you!
* * * LOW HITPOINT WARNING * * *
The hound completely misses you.
You hit the iguana.
The iguana is poisoned.
The iguana is moderately wounded.
The hound completely misses you. The iguana completely misses you.
The hound completely misses you. The iguana misses you.
The hound bites you but does no damage. The hound bites you.
* * * LOW HITPOINT WARNING * * *
Sigmund says, "Don't worry, I'll kill you fast."
There is a stone staircase leading up here.
The hound bites you.
* * * LOW HITPOINT WARNING * * *
Sigmund points at you and mumbles some strange words.
The magic dart hits you.
You die...

##.....<.........
#.....(...(...... ##
#................ ##.
##....$##.##....#
##..##..†@######.@<...
#......l...#####...###
###...........###.#.##
##..h......#..##...#.
#...@...####..##.....
..........# ##..##.....
..#.........##..........
. ##....###..##.##......
##...# ...#.###.....
##... ......#..... ....
..........# ..........#
..........


You could see Sigmund, an iguana (very poisoned) and a hound.

Vanquished Creatures
  A black bear (D:4)
  A necrophage (D:5)
  2 scorpions (D:4)
  A hound (D:5)
  2 iguanas (D:4)
  3 adders (D:4)
  10 gnolls
  2 ufetubi
  A dart slug (D:2)
  6 ball pythons
  5 bats
  3 endoplasms
  A giant cockroach (D:3)
  2 goblins (D:1)
  6 hobgoblins
  5 kobolds
  4 quokkas
  A frilled lizard (D:2)
  6 rats
62 creatures vanquished.

Notes
Turn   | Place    | Note
-------+----------+-------------------------------------------
     0 | D:1      | styxcanada the Spriggan Brigand began the quest for the
                  | Orb.
     0 | D:1      | Reached XP level 1. HP: 10/10 MP: 2/2
    35 | D:1      | Reached skill level 6 in Stealth
   157 | D:1      | Found a faded altar of an unknown god.
   235 | D:1      | Found Zimypis's Armour Boutique.
   289 | D:1      | Reached XP level 2. HP: 9/14 MP: 3/3
   807 | D:2      | Reached skill level 7 in Stealth
  1044 | D:2      | Reached XP level 3. HP: 18/18 MP: 4/4
  2192 | D:3      | Identified a scroll of acquirement
  2192 | D:3      | Acquired the ring of False Hope {Will+ Str+6}
  2265 | D:3      | Reached XP level 4. HP: 17/23 MP: 5/5
  2730 | D:4      | Learned a level 1 spell: Magic Dart
  3093 | D:4      | Reached skill level 8 in Stealth
  3105 | D:4      | Noticed a black bear
  3166 | D:4      | Reached XP level 5. HP: 26/26 MP: 0/7
  3380 | D:4      | Killed a black bear
  3381 | D:4      | Reached skill level 1 in Spellcasting
  3578 | D:4      | Reached skill level 1 in Slings
  3687 | D:4      | Reached skill level 1 in Conjurations
  3687 | D:4      | Reached XP level 6. HP: 30/30 MP: 9/9
  3973 | D:5      | Entered Level 5 of the Dungeon
  4020 | D:5      | Noticed Ijyb
  4370 | D:4      | Learned a level 2 spell: Call Imp
  4371 | D:5      | Noticed Sigmund
  4776 | D:4      | Reached XP level 7. HP: 26/35 MP: 11/11
  5159 | D:5      | Killed from afar by Sigmund

Illustrated notes

Levels and vault maps discovered:
D:1:      grunt_arrival_crossed_arrows, layout_basic, serial_shops,
          nicolae_shop_crystal, hellmonk_ecumenical_altar_run_dry
D:2:      layout_basic
D:3:      layout_loops_ring
D:4:      layout_rooms, minmay_misc_feat_five
D:5:      layout_cave_pools, serial_column_ruins, column_ruins_square_large,
          column_ruins_hut, column_ruins_corridor_dead_end, column_ruins_grid_1,
          column_ruins_open_tiny, column_ruins_grid_1, fountainhead,
          uniq_sigmund, uniq_eustachio, uniq_ijyb

Skill      XL: |  1  2  3  4  5  6 |
---------------+-------------------+-----
Stealth        | 6 7 8 |  8.6
Dodging        | 2 3 4 |  4.2
Fighting       | 2 |  2.4
Spellcasting   | 1 2 |  2.4
Slings         | 1 |  1.5
Short Blades   | 3 |  3.2
Conjurations   | 1 |  1.4
Throwing       | 3 |  3.0
Summonings     | |  0.4

Action                   |  1- 3 |  4- 6 |  7- 9 || total
-------------------------+-------+-------+-------++-------
Melee: Dagger            |    96 |    83 |     1 ||   180
       Punch             |       |     2 |       ||     2
       Spear             |       |       |     8 ||     8
 Fire: Hunting sling     |    11 |     9 |     2 ||    22
Throw: Dart              |     5 |    37 |     5 ||    47
       Stone             |       |     1 |     1 ||     2
 Cast: Magic Dart        |       |    36 |       ||    36
  Use: Scroll            |     4 |     1 |     1 ||     6
 Stab: Sleeping          |    18 |     2 |       ||    20
Armor: Robe              |    12 |     5 |     4 ||    21
Dodge: Dodged            |    78 |    74 |    30 ||   182
